 Dungeon Crawl Stone Soup version 0.30-a0-918-g0ff054e9dc (webtiles) character file.

Game seed: 10027117883725963789

9 Iich the Trooper (level 2, 24/24 HPs)
             Began as a Demonspawn Fighter on Mar 20, 2023.
             Got out of the dungeon alive.
             The game lasted 00:00:20 (142 turns).

Iich the Trooper (Demonspawn Fighter)                Turns: 142, Time: 00:00:20

Health: 24/24      AC:  6    Str: 16    XL:     2   Next: 3%
Magic:  2/2        EV:  8    Int: 11    God:
Gold:   17         SH:  4    Dex: 12    Spells: 1/1 levels left

rFire   . . .      SeeInvis .    a - +0 war axe
rCold   . . .      Faith    .    c - +0 buckler
rNeg    . . .      Spirit   .    b - +0 scale mail
rPois   .          Reflect  .    (no helmet)
rElec   .          Rampage  .    (no cloak)
rCorr   .                        (no gloves)
Will    .....                    (no boots) Stlth
                                 (no amulet)
HPRegen 0.24/turn                (no ring)
MPRegen 0.08/turn                (no ring)

@: no status effects
A: big brain 1
a: no special abilities


You escaped.
You visited 1 branch of the dungeon, and saw 1 of its levels.

You collected 17 gold pieces.

Inventory:

Hand Weapons
 a - a +0 war axe (weapon)
Armour
 b - a +0 scale mail (worn)
 c - a +0 buckler (worn)
 g - a scarf of invisibility
Scrolls
 f - a scroll of blinking {unknown}
Potions
 d - a potion of might
 e - a potion of curing {unknown}


   Skills:
 + Level 3.1 Fighting
 * Level 2.3 Axes
 - Level 2.6 Armour
 - Level 2.6 Shields


You had one spell level left.
You didn't know any spells.
Your spell library was empty.

Dungeon Overview and Level Annotations

Branches:
Dungeon (1/15)

Altars:


Innate Abilities, Weirdness & Mutations

You have an unusually large brain. (Int +2)


Message History

Found a brown potion.
A frilled lizard comes into view.
The goblin hits you but does no damage.
You see here a scroll labelled AME PIPIAVAEL.
You barely miss the goblin.
The frilled lizard hisses angrily.
The goblin hits you but does no damage.
You hit the goblin.
The goblin is severely wounded.
The goblin hits you with a +0 dagger. The goblin hits you but does no damage.
You take 1 damage, and have 17/18 hp.
You closely miss the goblin.
The goblin is severely wounded.
You slash the rat!
You kill the rat!
The goblin hits you with a +0 dagger.
You closely miss the goblin.
The goblin is moderately wounded.
You block the goblin's attack. The goblin barely misses you.
You closely miss the goblin. You hit the frilled lizard.
You kill the frilled lizard!
The goblin barely misses you.
You have reached level 2!
Your demonic ancestry asserts itself...
Your brain expands.
You regained 6 hp, and now have 23/24 hp.
MP restored: 2 You hit the goblin.
You kill the goblin!
Health restored: 24 No target in view!
No target in view!
(D) Dungeon
Where to? (? - help)
What level of the Dungeon? (default 1, ? - help)
You see here a +0 dagger.
There is a staircase leading out of the dungeon here.
Unknown command.
Are you sure you want to leave the Dungeon?
This will make you lose the game!
You have escaped!

###......#.... #.
#........#.... #..
........#....
..♣♣♣♣♣♣♣♣♣..#.........
♣..PP..PP♣..#.........
♣...P..PP♣..#.........
♣P...PP..♣.......##...
♣PP...P..♣....##.##...
♣..P.@.PP♣.......##...
♣..PP...P♣....#####...
♣PP..P...♣.########...
♣PP..PP..♣.# #.......#
♣♣♣♣♣♣♣♣♣..# #.#######
.........###.#
..........##.#
#########....# ####.#


There were no monsters in sight!

Vanquished Creatures
  A ball python (D:1)
  A bat (D:1)
  An endoplasm (D:1)
  A frilled lizard (D:1)
  A goblin (D:1)
  2 kobolds (D:1)
  2 rats (D:1)
9 creatures vanquished.

Notes
Turn   | Place    | Note
-------+----------+-------------------------------------------
     0 | D:1      | Iich the Demonspawn Fighter began the quest for the Orb.
     0 | D:1      | Reached XP level 1. HP: 18/18 MP: 1/1
   101 | D:1      | Gained mutation: You have an unusually large brain. (Int
                  | +2) [demonic ancestry]
   101 | D:1      | Reached XP level 2. HP: 23/24 MP: 2/2
   142 | D:$      | Got out of the dungeon alive.

Illustrated notes

Levels and vault maps discovered:
D:1:      scummos_arrival_checkerplants, layout_basic

Skill      XL: |  1 |
---------------+----+-----
Axes           | 2 |  2.3
Fighting       | |  3.1
Armour         | |  2.6
Shields        | |  2.6

Action                     || total
---------------------------++-------
  Melee: War axe           ||    18
 Armour: Scale mail        ||    11
  Dodge: Dodged            ||     7
  Block: Buckler           ||     5

Table legend: (Time is in decaauts)
 A = Elapsed time spent in this place.
 B = Non-inter-level travel time spent in this place.
 C = Inter-level travel time spent in this place.
 D = Time resting spent in this place.
 E = Time spent auto-exploring this place.
 F = Levels seen in this place.
 G = Mean time per level.
                   A        B        C        D        E       F      G
               +--------+--------+--------+--------+--------+-----+--------+
         Total |    150 |    111 |     39 |      0 |     66 |   1 |  150.0 |
       Dungeon |    150 |    111 |     39 |      0 |     66 |   1 |  150.0 |
               +--------+--------+--------+--------+--------+-----+--------+

Top non-repeatable levels by time:
     D:1: 150 daAuts
